AoeStats
← hugo94

MegaRandom

506469711Analyzed
3v3 RM · 17d ago on Sep 13, 2026· 59m 43s· 6 players
Game mode
Random Map
Map size
Normal (6 player)
Population
200
Speed
Normal
Resources
Standard
Victory
Conquest
Starting age
Dark Age
Ending age
Imperial Age
RankedLock teamsTeams togetherTeam positionsShared explorationLock speedFull tech treeHidden civsTurbo modeCheats
Victory
Defeat
🇨🇿 Teutons · Czechia
832
+13
🇨🇿 Turks · Czechia
832
+13
🇨🇿 Britons · Czechia
811
+14
🇳🇱 Persians · Netherlands
791
-18
🇳🇱 Franks · Netherlands
754
-13
🇳🇱 Goths · Netherlands
754
-13
hugo94
8:27 Loom
13:28 Feudal Age
18:37 Castle Age
16:37 Double-Bit Axe
17:50 Gold Mining
17:56 Stone Mining
21:31 Bow Saw
22:13 Gold Shaft Mining
23:21 Wheelbarrow
25:04 Scale Barding Armor
26:22 Forging
27:05 Chain Barding Armor
28:18 Hand Cart
29:04 Husbandry
32:21 Iron Casting
34:46 Imperial Age
33:49 #83
33:34 Scale Mail Armor
34:52 Cavalier
36:18 Paladin
37:42 Plate Barding Armor
39:36 Chain Mail Armor
44:52 Elite Throwing Axeman
48:00 Blast Furnace
49:07 Caravan
49:22 Town Watch
50:16 Fletching
50:26 Padded Archer Armor
50:22 Fletching
50:52 Town Patrol
54:30 Hoardings
54:11 Bodkin Arrow
thed94
1:45 Loom
17:09 Feudal Age
33:54 Scale Barding Armor
34:58 Wheelbarrow
36:22 Double-Bit Axe
36:24 Horse Collar
37:00 Forging
39:46 Castle Age
45:22 Iron Casting
45:09 Chain Barding Armor
46:07 Kamandaran
46:54 Hand Cart
53:47 Imperial Age
54:07 Elite War Elephant
58:50 Citadels
jannusodb
13:40 Feudal Age
11:55 Loom
16:12 Wheelbarrow
19:58 Castle Age
17:44 Town Watch
17:43 Horse Collar
17:51 Double-Bit Axe
23:30 Stone Mining
25:34 Bow Saw
25:52 Squires
26:56 Forging
28:06 Heavy Plow
29:04 Hand Cart
30:05 Gold Mining
31:36 Pikeman
37:43 Scale Mail Armor
39:56 Stone Shaft Mining
43:37 Town Patrol
46:10 Imperial Age
43:41 Town Patrol
43:48 Anarchy
44:36 Iron Casting
44:17 Chain Mail Armor
48:01 Elite Huskarl
48:42 Perfusion
49:03 Conscription
48:30 Halberdier
50:51 Caravan
56:54 Man-at-Arms
Majk
11:10 Feudal Age
11:39 Double-Bit Axe
12:51 Wheelbarrow
14:36 Loom
19:07 Castle Age
17:20 Horse Collar
17:54 Scale Barding Armor
18:23 Stone Mining
21:19 Bow Saw
22:23 Chain Barding Armor
23:08 Gold Mining
30:14 Scale Mail Armor
37:33 Imperial Age
34:57 Pikeman
38:34 Heavy Scorpion
38:40 Cavalier
43:09 Two-Man Saw
42:16 Heavy Plow
42:36 Chain Mail Armor
42:31 Forging
42:10 Paladin
47:28 Chemistry
46:35 Elite Teutonic Knight
48:28 Caravan
50:21 Plate Barding Armor
56:56 Plate Mail Armor
57:01 Iron Casting
ThorhammerCZ
10:08 Feudal Age
10:38 Double-Bit Axe
10:36 Horse Collar
16:49 Padded Archer Armor
16:40 Fletching
23:58 Castle Age
25:28 Crossbowman
27:24 Bow Saw
29:10 Gold Mining
29:11 Stone Mining
29:46 Heavy Plow
30:18 Caravan
31:45 Gold Shaft Mining
31:32 Leather Archer Armor
34:25 Ballistics
34:02 Bodkin Arrow
36:20 Scale Mail Armor
36:31 Forging
42:02 Imperial Age
42:10 Wheelbarrow
41:20 Town Watch
41:04 Pikeman
41:45 Squires
41:31 Arson
42:03 Chain Mail Armor
42:23 Iron Casting
43:20 Yeomen
43:45 Halberdier
46:26 Hand Cart
46:11 Town Patrol
47:16 Chemistry
46:49 Ring Archer Armor
46:19 Bracer
47:20 Blast Furnace
46:50 Plate Mail Armor
45:53 Halberdier
47:04 Arbalester
48:20 Scale Barding Armor
48:06 Arrowslits
48:31 Siege Engineers
48:37 Masonry
48:07 Treadmill Crane
48:37 Fortified Wall
48:22 Heated Shot
47:57 Elite Longbowman
48:57 Yeomen
52:26 Two-Man Saw
Surgen
12:26 Feudal Age
12:53 Double-Bit Axe
12:40 Man-at-Arms
13:24 Horse Collar
14:10 Gold Mining
15:59 Arson
18:48 Scale Mail Armor
19:28 Wheelbarrow
23:28 Castle Age
26:10 Thumb Ring
25:25 Crossbowman
26:25 Bow Saw
26:18 Heavy Plow
27:41 Padded Archer Armor
27:32 Fletching
31:33 Squires
32:38 Gold Shaft Mining
32:31 Hand Cart
33:00 Stone Mining
33:37 Leather Archer Armor
35:00 Bodkin Arrow
37:58 Imperial Age
39:15 Parthian Tactics
38:11 Heavy Cavalry Archer
39:44 Ring Archer Armor
39:14 Bracer
39:49 Ballistics
41:20 Heavy Camel Rider
42:31 Chain Mail Armor
42:21 Scale Barding Armor
43:19 Two-Man Saw
43:53 Plate Mail Armor
43:34 Forging
44:38 Chain Barding Armor
46:47 Elite Janissary
48:46 Artillery
50:52 Plate Barding Armor
50:52 Iron Casting
Connection lost

Rejoining the realm…

Still unreachable

The connection could not be restored.

Session expired

The server has moved on; the page needs a fresh start.